[ AOE2 MATCH · #477700484 ]
UnrankedMongols vs Mongols
[ REPLAY ANALYSIS · EXTRACTED FROM THE RECORDED GAME ]
Feudal
10:56
Castle
17:46
Imperial
30:18
| APM avg | 55.7 |
| APM peak | 108 |
| eAPM avg | 23.4 |
| Villagers / military | 206 / 1597 |
Focus
⚔️ 41.8% · 🌾 58.2%
Scout Cavalry ×595 · Skirmisher ×574 · Mangudai ×186 · Archer ×170 · Battering Ram ×67 · Trade Cart ×28
Feudal
10:31
Castle
14:51
Imperial
29:16
| APM avg | 22.4 |
| APM peak | 58 |
| eAPM avg | 18.2 |
| Villagers / military | 151 / 1194 |
Focus
⚔️ 35.6% · 🌾 64.4%
Knight ×1073 · Trade Cart ×103 · Scout Cavalry ×80 · Leitis ×23 · Monk ×15 · Mangonel ×3
Feudal
11:16
Castle
16:06
Imperial
34:29
| APM avg | 53.5 |
| APM peak | 118 |
| eAPM avg | 20.4 |
| Villagers / military | 188 / 1022 |
Focus
⚔️ 43.5% · 🌾 56.5%
Mangonel ×486 · Mangudai ×221 · Scorpion ×195 · Battering Ram ×118 · Trade Cart ×80 · Monk ×2
Feudal
10:35
Castle
14:56
Imperial
29:46
| APM avg | 35.2 |
| APM peak | 115 |
| eAPM avg | 27.1 |
| Villagers / military | 108 / 1416 |
Focus
⚔️ 75.5% · 🌾 24.5%
Scout Cavalry ×746 · Chakram Thrower ×498 · Armored Elephant ×120 · Camel Scout ×52 · Trade Cart ×27
Feudal
11:18
Castle
14:59
Imperial
27:51
| APM avg | 24.2 |
| APM peak | 73 |
| eAPM avg | 19.1 |
| Villagers / military | 198 / 1449 |
Focus
⚔️ 46.8% · 🌾 53.2%
Spearman ×1076 · Mangonel ×122 · Bombard Cannon ×89 · Camel Scout ×78 · Scout Cavalry ×50 · Trade Cart ×44
Feudal
10:33
Castle
14:27
Imperial
30:19
| APM avg | 38.3 |
| APM peak | 73 |
| eAPM avg | 19.7 |
| Villagers / military | 161 / 1438 |
Focus
⚔️ 44.4% · 🌾 55.6%
Spearman ×1245 · Bombard Cannon ×172 · Trade Cart ×93 · Mangonel ×10 · Hussite Wagon ×6 · Monk ×4
Feudal
11:35
Castle
16:53
Imperial
31:57
| APM avg | 24.6 |
| APM peak | 50 |
| eAPM avg | 17.6 |
| Villagers / military | 135 / 800 |
Focus
⚔️ 51.7% · 🌾 48.3%
Scout Cavalry ×544 · Janissary ×136 · Bombard Cannon ×114 · Trade Cart ×57 · Spearman ×5 · Camel Scout ×1
Feudal
11:08
Castle
15:20
Imperial
34:37
| APM avg | 39.8 |
| APM peak | 78 |
| eAPM avg | 23.7 |
| Villagers / military | 181 / 980 |
Focus
⚔️ 26.4% · 🌾 73.6%
Scorpion ×445 · Spearman ×281 · Scout Cavalry ×121 · Battle Elephant ×112 · Trade Cart ×19 · Ballista Elephant ×18
Match map
Initial resources + every placement click. Lines = walls · curves = elevation contours. ◆ gold · ⬟ stone · ● berries · ✦ relic · ◌ wall gap
Your base· Open — opponent sealed themselves in
CumansCumin's base· Open — opponent sealed themselves in
A Deer Ate My Villager's base· ✓ Closed at 16:06 · 71t walls · 1 gate(s)
uvacha's base· Open — opponent sealed themselves in
Medina90's base· ✓ Closed at 14:59 · 1t walls · no gate
Lilith Realm's base· ✓ Closed at 14:27 · 0t walls · no gate
XZ.Lumber.AX's base· Open — opponent sealed themselves in
Efiko's base· ✓ Closed at 15:20 · 0t walls · no gate
Smoothed initial terrain · ◌ = detected wall gap · hover for details
Inputs per minute
— Lil' Bị - - CumansCumin
Build order — Lil' Bị
First 150 of 870 actions detected
| 0:01 | Create | Villager (Male) ×4 |
| 0:02 | Build | House |
| 0:04 | Build | House |
| 1:30 | Create | Villager (Male) |
| 1:30 | Create | Villager (Male) |
| 1:53 | Create | Villager (Male) |
| 2:16 | Create | Villager (Male) |
| 2:54 | Create | Villager (Male) |
| 2:54 | Create | Villager (Male) |
| 2:59 | Build | House |
| 3:03 | Build | House |
| 3:16 | Create | Villager (Male) |
| 3:40 | Create | Villager (Male) |
| 3:40 | Create | Villager (Male) |
| 3:47 | Build | Mining Camp |
| 4:09 | Create | Villager (Male) |
| 4:09 | Create | Villager (Male) |
| 4:40 | Create | Villager (Male) |
| 4:40 | Create | Villager (Male) |
| 4:58 | Create | Villager (Male) |
| 5:39 | Create | Villager (Male) |
| 5:39 | Create | Villager (Male) |
| 5:50 | Create | Villager (Male) |
| 6:03 | Build | Lumber Camp |
| 7:10 | Create | Villager (Male) |
| 7:30 | Research | Feudal Age |
| 8:24 | Create | Villager (Male) |
| 8:49 | Create | Villager (Male) |
| 8:49 | Create | Villager (Male) |
| 9:12 | Create | Villager (Male) |
| 9:20 | Build | House |
| 10:32 | Create | Villager (Male) |
| 10:51 | Build | Barracks |
| 10:56 | Age | Feudal Age |
| 11:05 | Research | Double-Bit Axe |
| 11:07 | Create | Villager (Male) |
| 11:15 | Build | Mill |
| 11:34 | Build | House |
| 11:44 | Build | Farm |
| 11:44 | Build | Farm |
| 11:44 | Build | Farm |
| 11:44 | Build | Farm |
| 11:45 | Build | Farm |
| 11:48 | Build | Farm |
| 12:00 | Build | House |
| 12:16 | Build | Farm |
| 12:20 | Build | Farm |
| 12:25 | Build | Farm |
| 12:38 | Build | Farm |
| 12:50 | Build | Blacksmith |
| 13:01 | Build | Market |
| 13:06 | Create | Villager (Male) |
| 13:19 | Create | Villager (Male) |
| 13:21 | Create | Villager (Male) |
| 13:59 | Create | Villager (Male) |
| 15:06 | Research | Castle Age |
| 15:09 | Research | Gold Mining |
| 15:20 | Build | Archery Range |
| 15:52 | Create | Spearman |
| 16:27 | Build | Archery Range |
| 16:29 | Research | Fletching |
| 16:46 | Create | Archer |
| 16:47 | Create | Archer |
| 17:04 | Research | Padded Archer Armor |
| 17:06 | Create | Villager (Male) |
| 17:17 | Create | Archer |
| 17:37 | Create | Archer |
| 17:46 | Age | Castle Age |
| 18:01 | Build | Siege Workshop |
| 18:06 | Create | Villager (Male) |
| 18:07 | Create | Villager (Male) |
| 18:14 | Build | Town Center |
| 18:48 | Research | Loom |
| 18:48 | Create | Villager (Male) |
| 18:48 | Create | Villager (Male) |
| 18:50 | Build | House |
| 19:00 | Create | Battering Ram |
| 19:05 | Create | Mangonel |
| 19:07 | Build | House |
| 19:15 | Create | Archer |
| 19:24 | Create | Villager (Male) |
| 19:25 | Create | Villager (Male) |
| 19:28 | Build | Farm |
| 19:29 | Build | Farm |
| 19:29 | Build | Farm |
| 19:29 | Build | Farm |
| 19:31 | Create | Villager (Male) |
| 19:31 | Create | Villager (Male) |
| 19:35 | Research | Bow Saw |
| 19:44 | Build | House |
| 19:49 | Create | Archer |
| 20:47 | Create | Archer ×2 |
| 20:49 | Create | Villager (Male) |
| 20:49 | Create | Villager (Male) |
| 20:49 | Create | Villager (Male) |
| 20:50 | Create | Villager (Male) |
| 20:50 | Create | Villager (Male) |
| 20:50 | Create | Villager (Male) |
| 20:50 | Create | Villager (Male) |
| 20:51 | Create | Villager (Male) |
| 20:51 | Create | Villager (Male) |
| 20:51 | Create | Villager (Male) |
| 20:52 | Create | Villager (Male) |
| 20:52 | Create | Villager (Male) |
| 20:52 | Create | Villager (Male) |
| 20:54 | Create | Villager (Male) |
| 21:19 | Create | Villager (Male) |
| 21:23 | Build | Farm |
| 21:26 | Build | Farm |
| 21:27 | Create | Villager (Male) |
| 21:27 | Create | Villager (Male) |
| 21:27 | Create | Villager (Male) |
| 21:54 | Build | Farm |
| 22:05 | Build | House |
| 22:49 | Build | Town Center |
| 23:02 | Build | Town Center |
| 23:14 | Create | Villager (Male) |
| 23:14 | Create | Villager (Male) |
| 23:15 | Create | Villager (Male) |
| 23:15 | Create | Villager (Male) |
| 23:15 | Create | Villager (Male) |
| 23:18 | Research | Gold Shaft Mining |
| 23:22 | Create | Archer ×5 |
| 23:39 | Build | Farm |
| 23:41 | Build | Farm |
| 23:55 | Build | House |
| 24:16 | Build | University |
| 24:20 | Build | House |
| 24:51 | Create | Villager (Male) |
| 24:52 | Create | Villager (Male) |
| 24:52 | Create | Villager (Male) |
| 24:52 | Create | Villager (Male) |
| 24:52 | Create | Villager (Male) |
| 24:53 | Create | Villager (Male) |
| 24:53 | Create | Villager (Male) |
| 24:55 | Build | Farm |
| 24:55 | Build | Farm |
| 24:55 | Build | Farm |
| 24:57 | Create | Villager (Male) |
| 24:57 | Create | Villager (Male) |
| 25:24 | Build | House |
| 25:25 | Build | House |
| 25:25 | Build | House |
| 25:30 | Create | Villager (Male) |
| 25:30 | Create | Villager (Male) |
| 25:30 | Create | Villager (Male) |
| 25:31 | Create | Villager (Male) |
| 25:35 | Research | Wheelbarrow |
| 25:35 | Research | Town Watch |
| 25:40 | Create | Villager (Male) |
Build order — CumansCumin
First 150 of 723 actions detected
| 0:00 | Create | Villager (Male) |
| 0:00 | Create | Villager (Male) |
| 0:01 | Create | Villager (Male) |
| 0:01 | Create | Villager (Male) |
| 0:01 | Create | Villager (Male) |
| 0:02 | Create | Villager (Male) |
| 0:03 | Build | House |
| 0:06 | Build | House |
| 1:44 | Build | Lumber Camp |
| 1:47 | Create | Villager (Male) ×2 |
| 2:33 | Create | Villager (Male) ×2 |
| 2:34 | Create | Villager (Male) ×2 |
| 2:59 | Build | House |
| 3:01 | Build | House |
| 3:27 | Create | Villager (Male) |
| 3:27 | Create | Villager (Male) |
| 4:02 | Build | House |
| 4:03 | Create | Villager (Male) ×2 |
| 4:29 | Create | Villager (Male) ×3 |
| 5:22 | Build | Mill |
| 5:29 | Create | Villager (Male) ×3 |
| 5:30 | Create | Villager (Male) ×3 |
| 6:44 | Create | Villager (Male) |
| 7:16 | Build | Mining Camp |
| 8:01 | Research | Feudal Age |
| 8:52 | Create | Villager (Male) |
| 8:52 | Create | Villager (Male) |
| 8:53 | Create | Villager (Male) |
| 9:55 | Build | Farm |
| 9:56 | Build | Farm |
| 9:57 | Build | Farm |
| 9:58 | Build | Farm |
| 9:59 | Build | Farm |
| 10:31 | Age | Feudal Age |
| 10:39 | Build | Market |
| 11:25 | Build | Blacksmith |
| 11:31 | Research | Loom |
| 11:57 | Research | Castle Age |
| 12:25 | Research | Double-Bit Axe |
| 12:35 | Research | Horse Collar |
| 13:32 | Build | House |
| 13:37 | Build | House |
| 14:29 | Create | Villager (Male) |
| 14:30 | Create | Villager (Male) |
| 14:31 | Create | Villager (Male) |
| 14:47 | Create | Villager (Male) |
| 14:51 | Age | Castle Age |
| 14:54 | Build | Town Center |
| 15:14 | Build | Monastery |
| 15:28 | Create | Villager (Male) |
| 15:30 | Research | Bow Saw |
| 15:38 | Create | Monk ×3 |
| 15:45 | Create | Monk |
| 15:45 | Create | Monk |
| 16:02 | Build | Town Center |
| 16:11 | Create | Villager (Male) ×4 |
| 16:50 | Create | Villager (Male) ×2 |
| 16:55 | Build | House |
| 17:04 | Build | Farm |
| 17:05 | Build | Farm |
| 17:07 | Build | Farm |
| 17:09 | Build | Farm |
| 17:14 | Build | Farm |
| 17:16 | Create | Villager (Male) |
| 17:22 | Research | Fervor |
| 17:44 | Create | Villager (Male) |
| 17:49 | Build | Farm |
| 17:50 | Build | Farm |
| 18:20 | Create | Villager (Male) ×5 |
| 18:20 | Create | Villager (Male) ×5 |
| 18:37 | Build | Mining Camp |
| 18:41 | Create | Villager (Male) |
| 18:41 | Create | Villager (Male) |
| 18:48 | Build | Farm |
| 18:51 | Build | Farm |
| 18:52 | Build | Farm |
| 18:53 | Build | Farm |
| 18:54 | Build | Farm |
| 19:00 | Build | Farm |
| 19:01 | Create | Villager (Male) ×2 |
| 19:01 | Create | Villager (Male) ×2 |
| 19:05 | Create | Villager (Male) ×2 |
| 19:08 | Create | Villager (Male) ×2 |
| 19:24 | Build | House |
| 19:29 | Research | Wheelbarrow |
| 19:32 | Create | Villager (Male) |
| 19:40 | Build | House |
| 19:40 | Build | House |
| 19:40 | Build | House |
| 19:41 | Build | House |
| 19:41 | Build | House |
| 19:42 | Build | House |
| 19:42 | Build | House |
| 19:43 | Build | House |
| 19:43 | Build | House |
| 19:43 | Build | House |
| 19:44 | Build | House |
| 19:44 | Build | House |
| 19:47 | Create | Villager (Male) ×2 |
| 20:04 | Create | Villager (Male) |
| 20:04 | Create | Villager (Male) |
| 20:09 | Build | Lumber Camp |
| 20:13 | Build | Lumber Camp |
| 20:14 | Create | Villager (Male) |
| 20:27 | Research | Heavy Plow |
| 20:29 | Create | Villager (Male) |
| 20:44 | Create | Villager (Male) ×2 |
| 20:59 | Build | Farm |
| 21:00 | Create | Villager (Male) |
| 21:02 | Build | Farm |
| 21:05 | Create | Villager (Male) |
| 21:13 | Create | Villager (Male) |
| 21:19 | Create | Villager (Male) |
| 21:19 | Create | Villager (Male) |
| 21:28 | Build | Farm |
| 21:29 | Build | Farm |
| 21:31 | Build | Farm |
| 21:32 | Create | Villager (Male) |
| 21:32 | Create | Villager (Male) |
| 21:42 | Build | Farm |
| 21:43 | Build | Farm |
| 21:44 | Build | Farm |
| 21:45 | Create | Villager (Male) ×3 |
| 21:45 | Create | Villager (Male) ×3 |
| 21:48 | Build | Farm |
| 21:55 | Build | Farm |
| 21:59 | Build | Farm |
| 22:00 | Create | Villager (Male) |
| 22:03 | Build | Farm |
| 22:04 | Create | Villager (Male) |
| 22:24 | Create | Villager (Male) ×3 |
| 22:33 | Create | Villager (Male) |
| 22:34 | Create | Villager (Male) |
| 23:03 | Build | Farm |
| 23:04 | Build | Farm |
| 23:05 | Build | Farm |
| 23:06 | Build | Farm |
| 23:07 | Build | Farm |
| 23:08 | Build | Farm |
| 23:11 | Build | Farm |
| 23:13 | Build | Mill |
| 23:19 | Build | Farm |
| 23:20 | Build | Farm |
| 23:21 | Create | Villager (Male) ×5 |
| 23:21 | Create | Villager (Male) ×5 |
| 23:36 | Research | Hand Cart |
| 23:38 | Create | Villager (Male) |
| 24:00 | Build | Farm |
| 24:08 | Build | Lumber Camp |
| 24:13 | Create | Villager (Male) |
Build order — A Deer Ate My Villager
First 150 of 607 actions detected
| 0:01 | Create | Villager (Male) ×4 |
| 0:02 | Create | Villager (Male) ×4 |
| 0:02 | Create | Villager (Male) ×4 |
| 0:03 | Build | House |
| 0:04 | Build | House |
| 1:52 | Create | Villager (Male) |
| 1:53 | Create | Villager (Male) |
| 1:53 | Create | Villager (Male) |
| 2:01 | Create | Villager (Male) ×2 |
| 2:01 | Create | Villager (Male) ×2 |
| 3:03 | Create | Villager (Male) ×4 |
| 3:04 | Create | Villager (Male) ×4 |
| 3:39 | Create | Villager (Male) |
| 3:40 | Create | Villager (Male) |
| 3:40 | Create | Villager (Male) |
| 4:22 | Build | Mill |
| 4:25 | Create | Villager (Male) |
| 4:25 | Create | Villager (Male) |
| 4:25 | Create | Villager (Male) |
| 4:37 | Build | House |
| 5:04 | Create | Villager (Male) ×3 |
| 5:04 | Create | Villager (Male) ×3 |
| 5:59 | Build | House |
| 6:13 | Create | Villager (Male) |
| 7:17 | Build | Lumber Camp |
| 8:25 | Build | Mining Camp |
| 8:57 | Build | Mining Camp |
| 9:02 | Research | Feudal Age |
| 9:04 | Create | Villager (Male) |
| 9:04 | Research | Loom |
| 10:12 | Build | House |
| 10:47 | Create | Villager (Male) |
| 10:47 | Create | Villager (Male) |
| 11:04 | Build | House |
| 11:16 | Age | Feudal Age |
| 11:24 | Build | Stone Wall |
| 11:45 | Build | Stone Wall |
| 11:54 | Create | Villager (Male) |
| 11:54 | Create | Villager (Male) |
| 12:12 | Create | Villager (Male) |
| 12:20 | Build | Market |
| 12:25 | Build | Blacksmith |
| 12:33 | Build | Blacksmith |
| 13:10 | Build | Lumber Camp |
| 13:25 | Research | Castle Age |
| 13:25 | Research | Castle Age |
| 13:35 | Build | Palisade Wall |
| 14:09 | Research | Double-Bit Axe |
| 14:11 | Research | Horse Collar |
| 15:11 | Build | Stone Wall |
| 15:16 | Create | Villager (Male) |
| 15:16 | Create | Villager (Male) |
| 15:24 | Build | Farm |
| 15:24 | Build | Farm |
| 15:27 | Build | Farm |
| 15:27 | Build | Farm |
| 15:27 | Build | Farm |
| 15:27 | Build | Farm |
| 15:28 | Build | Farm |
| 15:58 | Build | Gate |
| 16:06 | Age | Castle Age |
| 16:11 | Build | Town Center |
| 16:28 | Create | Villager (Male) |
| 16:28 | Create | Villager (Male) |
| 17:07 | Build | Town Center |
| 17:16 | Build | Farm |
| 17:16 | Build | Farm |
| 17:16 | Build | Farm |
| 17:18 | Create | Villager (Male) |
| 17:30 | Build | House |
| 17:32 | Build | House |
| 17:37 | Create | Villager (Male) |
| 17:38 | Create | Villager (Male) |
| 17:54 | Build | Monastery |
| 18:22 | Create | Villager (Male) |
| 18:22 | Create | Villager (Male) |
| 18:42 | Build | Watch Tower |
| 18:48 | Build | Farm |
| 18:50 | Research | Gold Mining |
| 18:51 | Build | Farm |
| 18:54 | Create | Villager (Male) ×3 |
| 18:54 | Create | Villager (Male) ×3 |
| 18:54 | Create | Villager (Male) ×3 |
| 19:02 | Create | Monk |
| 19:17 | Research | Fletching |
| 19:18 | Research | Fletching |
| 19:18 | Research | Fletching |
| 19:19 | Build | Farm |
| 19:24 | Build | Farm |
| 19:33 | Build | Farm |
| 19:40 | Create | Villager (Male) |
| 19:41 | Create | Villager (Male) |
| 19:41 | Create | Villager (Male) |
| 19:41 | Create | Villager (Male) |
| 19:42 | Create | Villager (Male) |
| 19:43 | Create | Villager (Male) |
| 19:43 | Create | Villager (Male) |
| 20:52 | Create | Monk |
| 21:04 | Create | Villager (Male) |
| 21:04 | Create | Villager (Male) |
| 21:04 | Create | Villager (Male) |
| 21:05 | Create | Villager (Male) |
| 21:05 | Create | Villager (Male) |
| 21:05 | Create | Villager (Male) |
| 21:07 | Build | Farm |
| 21:09 | Create | Villager (Male) |
| 21:09 | Create | Villager (Male) |
| 21:11 | Build | Farm |
| 21:11 | Build | Farm |
| 21:12 | Build | Farm |
| 21:12 | Build | Farm |
| 21:12 | Build | Farm |
| 21:15 | Build | Farm |
| 21:15 | Build | Farm |
| 21:16 | Build | Farm |
| 21:16 | Build | Farm |
| 21:46 | Create | Villager (Male) |
| 21:46 | Create | Villager (Male) |
| 21:46 | Create | Villager (Male) |
| 21:46 | Create | Villager (Male) |
| 21:54 | Build | Farm |
| 21:55 | Build | Farm |
| 22:00 | Create | Villager (Male) |
| 22:00 | Create | Villager (Male) |
| 22:00 | Create | Villager (Male) |
| 22:16 | Create | Villager (Male) |
| 22:16 | Create | Villager (Male) |
| 22:25 | Build | House |
| 22:33 | Build | House |
| 22:34 | Build | House |
| 22:36 | Build | House |
| 22:36 | Build | House |
| 22:38 | Create | Villager (Male) |
| 22:38 | Create | Villager (Male) |
| 22:39 | Create | Villager (Male) |
| 22:39 | Create | Villager (Male) |
| 22:43 | Research | Wheelbarrow |
| 22:55 | Build | Farm |
| 23:02 | Build | Stone Wall |
| 23:17 | Create | Villager (Male) |
| 23:18 | Create | Villager (Male) |
| 23:18 | Create | Villager (Male) |
| 23:44 | Build | Market |
| 23:51 | Create | Trade Cart |
| 23:51 | Create | Trade Cart |
| 23:52 | Create | Villager (Male) |
| 23:52 | Create | Villager (Male) |
| 23:52 | Create | Villager (Male) |
| 23:52 | Create | Villager (Male) |
| 24:06 | Research | Town Watch |
Build order — uvacha
First 150 of 1753 actions detected
| 0:01 | Create | Villager (Male) |
| 0:01 | Create | Villager (Male) |
| 0:02 | Create | Villager (Male) |
| 0:04 | Build | House |
| 0:06 | Build | House |
| 1:05 | Create | Villager (Male) |
| 1:05 | Create | Villager (Male) |
| 1:25 | Create | Villager (Male) |
| 1:48 | Build | Mill |
| 2:02 | Create | Villager (Male) |
| 2:02 | Create | Villager (Male) |
| 2:27 | Create | Villager (Male) |
| 3:00 | Create | Villager (Male) |
| 3:00 | Create | Villager (Male) |
| 3:00 | Create | Villager (Male) |
| 3:37 | Create | Villager (Male) |
| 3:37 | Create | Villager (Male) |
| 4:10 | Build | House |
| 4:36 | Create | Villager (Male) |
| 4:37 | Create | Villager (Male) |
| 4:37 | Create | Villager (Male) |
| 5:09 | Create | Villager (Male) |
| 5:09 | Create | Villager (Male) |
| 5:09 | Create | Villager (Male) |
| 5:10 | Create | Villager (Male) |
| 5:47 | Build | House |
| 6:27 | Build | Lumber Camp |
| 6:33 | Create | Villager (Male) |
| 6:33 | Create | Villager (Male) |
| 7:42 | Build | Mining Camp |
| 7:47 | Create | Villager (Male) |
| 7:48 | Create | Villager (Male) |
| 8:18 | Research | Feudal Age |
| 9:46 | Build | Barracks |
| 10:21 | Build | House |
| 10:32 | Create | Villager (Male) |
| 10:33 | Create | Villager (Male) |
| 10:33 | Create | Villager (Male) |
| 10:35 | Age | Feudal Age |
| 10:36 | Research | Loom |
| 10:55 | Build | Market |
| 11:06 | Create | Villager (Male) |
| 11:24 | Build | Stable |
| 11:45 | Build | Farm |
| 12:16 | Research | Castle Age |
| 12:31 | Research | Horse Collar |
| 13:11 | Research | Double-Bit Axe |
| 13:18 | Build | Farm |
| 13:20 | Build | Farm |
| 13:21 | Build | Farm |
| 13:22 | Build | Farm |
| 13:33 | Build | Farm |
| 14:54 | Create | Villager (Male) |
| 14:56 | Age | Castle Age |
| 15:01 | Build | Town Center |
| 15:12 | Research | Bow Saw |
| 15:17 | Create | Villager (Male) |
| 15:17 | Create | Villager (Male) |
| 15:52 | Create | Villager (Male) |
| 16:08 | Create | Villager (Male) |
| 16:10 | Research | Wheelbarrow |
| 16:25 | Build | Farm |
| 16:37 | Create | Villager (Male) |
| 16:45 | Build | House |
| 16:46 | Build | House |
| 16:47 | Build | House |
| 16:48 | Build | House |
| 16:52 | Create | Villager (Male) |
| 17:17 | Build | Town Center |
| 17:23 | Create | Villager (Male) |
| 17:36 | Build | Farm |
| 17:46 | Build | Farm |
| 17:49 | Create | Villager (Male) |
| 17:50 | Create | Villager (Male) |
| 18:20 | Build | Farm |
| 18:21 | Build | Farm |
| 18:21 | Build | Farm |
| 18:24 | Create | Villager (Male) |
| 18:25 | Create | Villager (Male) |
| 18:46 | Create | Villager (Male) |
| 19:01 | Build | Town Center |
| 19:05 | Create | Villager (Male) |
| 19:22 | Build | Farm |
| 19:23 | Build | Farm |
| 19:23 | Build | Farm |
| 19:24 | Build | Farm |
| 19:25 | Build | Farm |
| 19:31 | Build | Farm |
| 19:34 | Create | Villager (Male) |
| 19:35 | Create | Villager (Male) |
| 19:36 | Create | Villager (Male) |
| 19:46 | Build | Farm |
| 20:04 | Create | Villager (Male) |
| 20:05 | Create | Villager (Male) |
| 20:15 | Research | Stone Mining |
| 20:23 | Build | Farm |
| 20:25 | Create | Villager (Male) |
| 20:32 | Create | Villager (Male) |
| 20:42 | Create | Villager (Male) |
| 20:53 | Build | Farm |
| 20:56 | Create | Villager (Male) |
| 20:57 | Create | Villager (Male) |
| 20:59 | Create | Villager (Male) |
| 21:06 | Build | Farm |
| 21:15 | Create | Villager (Male) |
| 21:16 | Create | Villager (Male) |
| 21:18 | Create | Villager (Male) |
| 21:25 | Build | Farm |
| 21:26 | Build | Farm |
| 21:26 | Build | Farm |
| 21:27 | Build | Farm |
| 21:35 | Build | Mining Camp |
| 21:38 | Create | Villager (Male) |
| 21:38 | Create | Villager (Male) |
| 21:41 | Create | Villager (Male) |
| 21:55 | Build | Farm |
| 21:56 | Create | Villager (Male) |
| 21:57 | Create | Villager (Male) |
| 21:59 | Create | Villager (Male) |
| 22:09 | Build | Lumber Camp |
| 22:15 | Create | Villager (Male) |
| 22:16 | Create | Villager (Male) |
| 22:18 | Create | Villager (Male) |
| 22:39 | Build | Castle |
| 22:41 | Create | Villager (Male) |
| 22:43 | Create | Villager (Male) |
| 22:44 | Create | Villager (Male) |
| 22:45 | Create | Villager (Male) |
| 22:55 | Build | House |
| 22:56 | Build | House |
| 22:58 | Build | House |
| 22:59 | Build | House |
| 23:06 | Create | Villager (Male) |
| 23:11 | Research | Hand Cart |
| 23:13 | Create | Villager (Male) |
| 23:30 | Research | Gold Mining |
| 23:33 | Create | Villager (Male) |
| 23:34 | Create | Villager (Male) |
| 23:39 | Build | House |
| 23:41 | Build | House |
| 23:42 | Build | House |
| 23:44 | Build | House |
| 23:47 | Create | Villager (Male) |
| 23:48 | Create | Villager (Male) |
| 23:49 | Create | Villager (Male) |
| 24:03 | Build | Mill |
| 24:08 | Build | Farm |
| 24:08 | Build | Farm |
| 24:09 | Build | Farm |
| 24:09 | Build | Farm |
Build order — Medina90
First 150 of 1148 actions detected
| 0:01 | Create | Villager (Male) |
| 0:01 | Create | Villager (Male) |
| 0:02 | Create | Villager (Male) |
| 0:03 | Build | House |
| 0:04 | Build | House |
| 0:33 | Create | Villager (Male) |
| 0:33 | Create | Villager (Male) |
| 1:29 | Create | Villager (Male) |
| 2:14 | Build | Lumber Camp |
| 2:18 | Create | Villager (Male) |
| 2:18 | Create | Villager (Male) |
| 2:19 | Create | Villager (Male) |
| 2:58 | Create | Villager (Male) |
| 2:59 | Create | Villager (Male) |
| 3:30 | Create | Villager (Male) |
| 4:01 | Create | Villager (Male) |
| 4:10 | Build | House |
| 4:38 | Create | Villager (Male) |
| 4:53 | Build | Mill |
| 4:54 | Create | Villager (Male) |
| 5:34 | Create | Villager (Male) |
| 5:48 | Create | Villager (Male) |
| 5:50 | Create | Villager (Male) |
| 6:14 | Build | House |
| 6:39 | Create | Villager (Male) |
| 7:26 | Create | Villager (Male) |
| 7:27 | Create | Villager (Male) |
| 8:10 | Create | Villager (Male) |
| 8:12 | Create | Villager (Male) |
| 8:20 | Create | Villager (Male) |
| 8:33 | Build | Palisade Wall |
| 8:59 | Build | House |
| 9:08 | Research | Feudal Age |
| 9:21 | Build | Mining Camp |
| 10:13 | Build | Mill |
| 11:04 | Create | Villager (Male) |
| 11:04 | Create | Villager (Male) |
| 11:18 | Age | Feudal Age |
| 11:25 | Build | Blacksmith |
| 11:33 | Build | Market |
| 12:15 | Create | Villager (Male) |
| 12:17 | Research | Castle Age |
| 12:37 | Build | Lumber Camp |
| 14:43 | Create | Villager (Male) |
| 14:43 | Create | Villager (Male) |
| 14:44 | Create | Villager (Male) |
| 14:44 | Create | Villager (Male) |
| 14:48 | Build | Farm |
| 14:48 | Build | Farm |
| 14:49 | Build | Farm |
| 14:49 | Build | Farm |
| 14:49 | Build | Farm |
| 14:50 | Build | Farm |
| 14:51 | Build | Farm |
| 14:52 | Build | Farm |
| 14:56 | Create | Villager (Male) |
| 14:56 | Create | Villager (Male) |
| 14:59 | Age | Castle Age |
| 15:17 | Build | Town Center |
| 15:24 | Research | Double-Bit Axe |
| 15:41 | Build | House |
| 15:41 | Build | House |
| 15:42 | Build | House |
| 15:42 | Build | House |
| 15:43 | Build | House |
| 15:44 | Build | House |
| 15:44 | Build | House |
| 15:44 | Build | House |
| 16:42 | Build | Farm |
| 16:56 | Build | Town Center |
| 17:00 | Create | Villager (Male) |
| 17:00 | Create | Villager (Male) |
| 17:00 | Create | Villager (Male) |
| 17:01 | Create | Villager (Male) |
| 17:01 | Create | Villager (Male) |
| 17:08 | Build | Farm |
| 17:48 | Build | Farm |
| 17:52 | Create | Villager (Male) |
| 17:56 | Build | Farm |
| 17:56 | Build | Farm |
| 17:56 | Build | Farm |
| 17:56 | Build | Farm |
| 17:58 | Build | Farm |
| 18:00 | Build | Farm |
| 18:00 | Build | Farm |
| 18:02 | Build | Farm |
| 18:11 | Create | Villager (Male) |
| 18:12 | Create | Villager (Male) |
| 18:12 | Create | Villager (Male) |
| 18:12 | Create | Villager (Male) |
| 18:17 | Create | Villager (Male) |
| 18:17 | Create | Villager (Male) |
| 18:23 | Create | Villager (Male) |
| 18:30 | Build | House |
| 18:31 | Build | House |
| 18:31 | Build | House |
| 18:31 | Build | House |
| 18:32 | Build | House |
| 18:32 | Build | House |
| 18:32 | Build | House |
| 18:33 | Build | House |
| 18:33 | Build | House |
| 18:33 | Build | House |
| 18:45 | Build | Farm |
| 18:50 | Build | Farm |
| 18:55 | Create | Villager (Male) |
| 18:56 | Create | Villager (Male) |
| 18:56 | Create | Villager (Male) |
| 18:56 | Create | Villager (Male) |
| 18:58 | Build | Farm |
| 19:05 | Build | Farm |
| 19:06 | Create | Villager (Male) |
| 19:06 | Create | Villager (Male) |
| 19:09 | Build | Farm |
| 19:21 | Build | Farm |
| 19:25 | Build | Farm |
| 19:28 | Create | Villager (Male) |
| 19:28 | Create | Villager (Male) |
| 19:39 | Build | Farm |
| 19:44 | Create | Villager (Male) |
| 19:53 | Build | Farm |
| 20:07 | Build | Farm |
| 20:08 | Build | Farm |
| 20:09 | Build | Farm |
| 20:19 | Create | Villager (Male) |
| 20:21 | Create | Villager (Male) |
| 20:22 | Create | Villager (Male) |
| 20:24 | Create | Villager (Male) |
| 20:26 | Create | Villager (Male) |
| 20:32 | Build | Farm |
| 20:33 | Build | Farm |
| 20:34 | Build | Farm |
| 20:36 | Build | Farm |
| 20:55 | Create | Villager (Male) |
| 21:02 | Create | Villager (Male) |
| 21:04 | Create | Villager (Male) |
| 21:05 | Create | Villager (Male) |
| 21:06 | Create | Villager (Male) |
| 21:07 | Create | Villager (Male) |
| 21:12 | Build | Farm |
| 21:22 | Create | Villager (Male) |
| 21:23 | Create | Villager (Male) |
| 21:27 | Create | Villager (Male) |
| 21:28 | Create | Villager (Male) |
| 21:29 | Create | Villager (Male) |
| 21:42 | Build | Monastery |
| 21:46 | Build | University |
| 22:12 | Build | Market |
| 22:27 | Create | Villager (Male) |
| 22:27 | Create | Villager (Male) |
Build order — Lilith Realm
First 150 of 832 actions detected
| 0:02 | Create | Villager (Male) ×4 |
| 0:03 | Build | House |
| 0:05 | Build | House |
| 1:33 | Create | Villager (Male) |
| 1:54 | Build | Lumber Camp |
| 2:01 | Create | Villager (Male) |
| 2:21 | Create | Villager (Male) |
| 2:33 | Create | Villager (Male) |
| 2:34 | Create | Villager (Male) |
| 3:13 | Build | House |
| 3:14 | Build | House |
| 3:21 | Create | Villager (Male) |
| 3:21 | Create | Villager (Male) |
| 3:22 | Create | Villager (Male) |
| 4:14 | Create | Villager (Male) |
| 4:14 | Create | Villager (Male) |
| 4:48 | Create | Villager (Male) |
| 4:48 | Create | Villager (Male) |
| 4:48 | Create | Villager (Male) |
| 5:01 | Create | Villager (Male) |
| 5:20 | Build | Mill |
| 5:35 | Create | Villager (Male) |
| 5:42 | Create | Villager (Male) |
| 5:57 | Create | Villager (Male) |
| 6:19 | Create | Villager (Male) |
| 6:55 | Create | Villager (Male) |
| 7:01 | Create | Villager (Male) |
| 8:15 | Build | Mining Camp |
| 8:23 | Research | Feudal Age |
| 9:14 | Create | Villager (Male) |
| 9:17 | Build | Farm |
| 9:20 | Build | Farm |
| 9:25 | Build | House |
| 10:33 | Age | Feudal Age |
| 10:38 | Build | Market |
| 10:40 | Build | Blacksmith |
| 11:47 | Research | Castle Age |
| 12:03 | Research | Double-Bit Axe |
| 12:23 | Research | Horse Collar |
| 13:06 | Research | Wheelbarrow |
| 13:33 | Build | House |
| 14:27 | Age | Castle Age |
| 14:33 | Create | Villager (Male) |
| 14:40 | Build | Town Center |
| 14:49 | Build | Town Center |
| 15:07 | Create | Villager (Male) |
| 15:40 | Build | Farm |
| 15:41 | Build | Farm |
| 15:41 | Build | Farm |
| 15:41 | Build | Farm |
| 15:41 | Build | Farm |
| 16:01 | Build | Farm |
| 16:22 | Create | Villager (Male) |
| 16:27 | Create | Villager (Male) |
| 16:28 | Create | Villager (Male) |
| 16:30 | Create | Villager (Male) |
| 16:33 | Build | Farm |
| 16:43 | Build | Farm |
| 16:52 | Create | Villager (Male) |
| 16:53 | Create | Villager (Male) |
| 16:54 | Create | Villager (Male) |
| 16:55 | Create | Villager (Male) |
| 17:08 | Build | Farm |
| 17:16 | Build | Farm |
| 17:17 | Create | Villager (Male) |
| 17:18 | Create | Villager (Male) |
| 17:34 | Create | Villager (Male) |
| 17:39 | Build | Farm |
| 17:40 | Create | Villager (Male) |
| 17:45 | Create | Villager (Male) |
| 17:54 | Build | Farm |
| 17:57 | Build | Farm |
| 18:00 | Create | Villager (Male) |
| 18:04 | Create | Villager (Male) |
| 18:04 | Create | Villager (Male) |
| 18:17 | Build | House |
| 18:18 | Build | House |
| 18:19 | Create | Villager (Male) |
| 18:27 | Build | Farm |
| 18:30 | Build | Farm |
| 18:50 | Create | Villager (Male) |
| 18:51 | Create | Villager (Male) |
| 18:55 | Build | House |
| 18:58 | Build | Farm |
| 19:01 | Create | Villager (Male) |
| 19:02 | Create | Villager (Male) |
| 19:03 | Create | Villager (Male) |
| 19:03 | Create | Villager (Male) |
| 19:03 | Create | Villager (Male) |
| 19:09 | Build | Mining Camp |
| 19:22 | Create | Villager (Male) |
| 19:30 | Create | Villager (Male) |
| 19:30 | Create | Villager (Male) |
| 19:37 | Build | Monastery |
| 19:45 | Create | Villager (Male) |
| 19:45 | Create | Villager (Male) |
| 19:51 | Build | House |
| 20:13 | Create | Villager (Male) |
| 20:14 | Create | Villager (Male) |
| 20:21 | Create | Monk |
| 20:33 | Create | Villager (Male) |
| 20:35 | Build | House |
| 20:36 | Build | House |
| 20:37 | Create | Villager (Male) |
| 20:47 | Build | Town Center |
| 20:54 | Create | Villager (Male) |
| 20:55 | Create | Villager (Male) |
| 20:55 | Create | Villager (Male) |
| 20:58 | Create | Monk |
| 21:16 | Create | Villager (Male) |
| 21:28 | Research | Bow Saw |
| 21:32 | Create | Villager (Male) |
| 21:33 | Create | Villager (Male) |
| 21:37 | Build | Farm |
| 21:37 | Build | Farm |
| 21:37 | Build | Farm |
| 21:38 | Build | Farm |
| 21:48 | Build | House |
| 21:49 | Build | House |
| 21:50 | Build | House |
| 21:51 | Build | House |
| 22:00 | Create | Villager (Male) |
| 22:01 | Create | Villager (Male) |
| 22:03 | Build | Farm |
| 22:14 | Create | Villager (Male) |
| 22:18 | Build | Farm |
| 22:23 | Build | Farm |
| 22:25 | Create | Villager (Male) |
| 22:25 | Create | Villager (Male) |
| 22:30 | Build | Farm |
| 22:30 | Create | Villager (Male) |
| 22:30 | Create | Villager (Male) |
| 22:32 | Create | Villager (Male) |
| 22:36 | Build | Farm |
| 22:39 | Build | Farm |
| 22:56 | Create | Villager (Male) |
| 23:05 | Research | Fervor |
| 23:09 | Create | Villager (Male) ×4 |
| 23:13 | Build | Farm |
| 23:13 | Build | Farm |
| 23:13 | Build | Farm |
| 23:14 | Build | Farm |
| 23:14 | Build | Farm |
| 23:15 | Build | Farm |
| 23:15 | Build | Farm |
| 23:18 | Build | Town Center |
| 23:27 | Build | House |
| 23:28 | Build | House |
| 23:29 | Build | House |
| 23:37 | Create | Villager (Male) |
Build order — XZ.Lumber.AX
First 150 of 708 actions detected
| 0:20 | Create | Villager (Male) |
| 0:20 | Create | Villager (Male) |
| 0:20 | Create | Villager (Male) |
| 0:21 | Create | Villager (Male) |
| 0:23 | Build | House |
| 0:25 | Build | House |
| 1:24 | Build | Lumber Camp |
| 1:52 | Create | Villager (Male) |
| 2:16 | Research | Loom |
| 2:31 | Create | Villager (Male) |
| 3:01 | Create | Villager (Male) |
| 3:10 | Build | House |
| 3:34 | Create | Villager (Male) |
| 4:07 | Create | Villager (Male) |
| 4:33 | Build | House |
| 4:40 | Create | Villager (Male) |
| 4:41 | Create | Villager (Male) |
| 4:41 | Create | Villager (Male) |
| 4:45 | Create | Villager (Male) |
| 5:29 | Create | Villager (Male) |
| 5:40 | Create | Villager (Male) |
| 5:50 | Build | Mill |
| 6:02 | Build | House |
| 6:05 | Create | Villager (Male) |
| 6:23 | Create | Villager (Male) |
| 6:51 | Build | Palisade Wall |
| 7:16 | Create | Villager (Male) |
| 7:42 | Create | Villager (Male) |
| 7:55 | Build | Palisade Gate |
| 8:02 | Create | Villager (Male) |
| 8:46 | Create | Villager (Male) |
| 9:03 | Build | Barracks |
| 9:25 | Research | Feudal Age |
| 9:44 | Build | Mining Camp |
| 10:14 | Build | Palisade Wall |
| 10:44 | Build | Mill |
| 11:35 | Age | Feudal Age |
| 11:38 | Create | Villager (Male) |
| 11:59 | Create | Spearman |
| 12:05 | Build | Stable |
| 12:12 | Create | Villager (Male) |
| 12:32 | Build | House |
| 12:37 | Create | Villager (Male) |
| 13:06 | Build | Blacksmith |
| 13:10 | Create | Villager (Male) |
| 13:33 | Create | Spearman |
| 13:55 | Build | Farm |
| 13:56 | Build | Farm |
| 14:01 | Build | House |
| 14:13 | Research | Castle Age |
| 14:39 | Build | Mining Camp |
| 14:46 | Research | Double-Bit Axe |
| 15:21 | Build | Stone Wall |
| 15:50 | Build | Mining Camp |
| 15:52 | Research | Stone Mining |
| 16:04 | Build | Stone Wall |
| 16:25 | Research | Horse Collar |
| 16:53 | Age | Castle Age |
| 16:54 | Create | Villager (Male) |
| 16:57 | Build | Farm |
| 17:02 | Build | Farm |
| 17:05 | Build | Farm |
| 17:08 | Create | Villager (Male) |
| 17:30 | Build | Farm |
| 17:37 | Build | Farm |
| 17:41 | Create | Villager (Male) |
| 17:49 | Build | Farm |
| 18:09 | Create | Villager (Male) |
| 18:37 | Create | Villager (Male) |
| 18:54 | Build | Castle |
| 18:56 | Create | Villager (Male) |
| 19:08 | Build | Farm |
| 19:11 | Build | Farm |
| 19:22 | Create | Villager (Male) |
| 19:41 | Create | Villager (Male) |
| 19:43 | Build | House |
| 19:58 | Build | Town Center |
| 20:01 | Create | Villager (Male) |
| 20:03 | Build | House |
| 20:31 | Build | Castle |
| 20:36 | Research | Bow Saw |
| 20:41 | Create | Villager (Male) |
| 20:59 | Create | Villager (Male) |
| 21:15 | Create | Villager (Male) |
| 21:15 | Create | Villager (Male) |
| 21:24 | Create | Villager (Male) |
| 21:25 | Create | Villager (Male) |
| 21:47 | Build | Town Center |
| 21:49 | Create | Villager (Male) |
| 21:50 | Create | Villager (Male) |
| 21:54 | Build | Farm |
| 21:55 | Build | Farm |
| 21:58 | Create | Villager (Male) |
| 21:58 | Create | Villager (Male) |
| 22:14 | Build | Farm |
| 22:17 | Build | Farm |
| 22:18 | Create | Villager (Male) |
| 22:19 | Create | Villager (Male) |
| 22:25 | Create | Villager (Male) |
| 22:43 | Build | Mining Camp |
| 22:52 | Build | Stone Wall |
| 22:55 | Create | Villager (Male) |
| 22:55 | Create | Villager (Male) |
| 22:56 | Create | Villager (Male) |
| 22:56 | Create | Villager (Male) |
| 23:02 | Build | Farm |
| 23:04 | Create | Villager (Male) |
| 23:04 | Create | Villager (Male) |
| 23:10 | Build | Farm |
| 23:38 | Build | Stone Wall |
| 23:43 | Research | Wheelbarrow |
| 23:51 | Build | Farm |
| 23:53 | Build | Farm |
| 23:54 | Build | Farm |
| 23:56 | Create | Villager (Male) |
| 23:56 | Create | Villager (Male) |
| 24:02 | Build | Farm |
| 24:04 | Build | Farm |
| 24:05 | Build | Farm |
| 24:06 | Build | Farm |
| 24:07 | Build | Farm |
| 24:09 | Create | Villager (Male) |
| 24:10 | Create | Villager (Male) |
| 24:10 | Create | Villager (Male) |
| 24:20 | Create | Villager (Male) |
| 24:21 | Create | Villager (Male) |
| 24:36 | Create | Villager (Male) |
| 24:57 | Build | Town Center |
| 24:58 | Create | Villager (Male) |
| 24:59 | Create | Villager (Male) |
| 24:59 | Create | Villager (Male) |
| 25:07 | Create | Villager (Male) |
| 25:08 | Create | Villager (Male) |
| 25:12 | Build | Farm |
| 25:13 | Build | Farm |
| 25:20 | Build | Farm |
| 25:30 | Research | Gold Mining |
| 25:32 | Create | Villager (Male) |
| 25:32 | Create | Villager (Male) |
| 25:32 | Create | Villager (Male) |
| 25:53 | Build | Gate |
| 25:57 | Create | Villager (Male) |
| 25:57 | Create | Villager (Male) |
| 25:57 | Create | Villager (Male) |
| 25:58 | Create | Villager (Male) |
| 26:00 | Build | Farm |
| 26:06 | Build | Farm |
| 26:14 | Create | Villager (Male) |
| 26:15 | Create | Villager (Male) |
| 26:16 | Create | Villager (Male) |
Build order — Efiko
First 150 of 803 actions detected
| 0:01 | Create | Villager (Male) |
| 0:01 | Create | Villager (Male) |
| 0:03 | Build | House |
| 0:04 | Build | House |
| 0:33 | Create | Villager (Male) |
| 0:34 | Create | Villager (Male) |
| 1:34 | Create | Villager (Male) |
| 1:34 | Create | Villager (Male) |
| 2:05 | Build | Lumber Camp |
| 2:10 | Create | Villager (Male) |
| 2:10 | Create | Villager (Male) |
| 2:11 | Create | Villager (Male) |
| 3:08 | Create | Villager (Male) |
| 3:09 | Create | Villager (Male) |
| 3:09 | Create | Villager (Male) |
| 3:47 | Build | House |
| 4:10 | Build | Mill |
| 4:20 | Create | Villager (Male) |
| 4:20 | Create | Villager (Male) |
| 4:38 | Build | House |
| 4:47 | Create | Villager (Male) |
| 4:48 | Create | Villager (Male) |
| 4:48 | Create | Villager (Male) |
| 5:10 | Create | Villager (Male) |
| 5:10 | Create | Villager (Male) |
| 5:11 | Create | Villager (Male) |
| 6:03 | Create | Villager (Male) |
| 6:04 | Create | Villager (Male) |
| 6:04 | Create | Villager (Male) |
| 6:52 | Create | Villager (Male) |
| 6:52 | Create | Villager (Male) |
| 7:38 | Create | Villager (Male) |
| 7:48 | Build | Mining Camp |
| 8:23 | Create | Villager (Male) |
| 8:58 | Research | Feudal Age |
| 9:27 | Build | House |
| 9:37 | Build | Barracks |
| 10:16 | Build | Farm |
| 10:17 | Build | Farm |
| 10:17 | Build | Farm |
| 10:23 | Build | Farm |
| 11:08 | Age | Feudal Age |
| 11:11 | Build | Market |
| 11:19 | Create | Villager (Male) |
| 12:01 | Build | Farm |
| 12:28 | Build | Farm |
| 12:40 | Research | Castle Age |
| 12:40 | Research | Castle Age |
| 12:56 | Research | Double-Bit Axe |
| 13:07 | Research | Horse Collar |
| 13:07 | Research | Horse Collar |
| 13:55 | Build | House |
| 14:11 | Build | Lumber Camp |
| 15:20 | Age | Castle Age |
| 15:22 | Create | Villager (Male) |
| 15:27 | Build | Town Center |
| 15:37 | Create | Villager (Male) |
| 15:38 | Create | Villager (Male) |
| 15:38 | Create | Villager (Male) |
| 15:48 | Build | Siege Workshop |
| 16:00 | Research | Loom |
| 16:06 | Build | Mining Camp |
| 16:07 | Create | Villager (Male) |
| 16:08 | Create | Villager (Male) |
| 16:44 | Build | Blacksmith |
| 16:47 | Create | Villager (Male) |
| 16:50 | Create | Scorpion |
| 16:50 | Create | Scorpion |
| 16:51 | Create | Scorpion |
| 17:12 | Build | Farm |
| 17:12 | Create | Villager (Male) |
| 17:13 | Create | Villager (Male) |
| 17:13 | Create | Villager (Male) |
| 17:13 | Create | Villager (Male) |
| 17:14 | Create | Villager (Male) |
| 17:14 | Create | Villager (Male) |
| 17:15 | Create | Villager (Male) |
| 17:21 | Research | Stone Mining |
| 17:23 | Create | Villager (Male) |
| 17:41 | Research | Bow Saw |
| 17:42 | Research | Bow Saw |
| 17:45 | Build | Farm |
| 18:17 | Build | Farm |
| 18:31 | Create | Scorpion |
| 18:32 | Create | Scorpion |
| 18:38 | Build | Farm |
| 18:49 | Create | Villager (Male) |
| 18:50 | Create | Villager (Male) |
| 18:59 | Create | Villager (Male) |
| 18:59 | Create | Villager (Male) |
| 19:07 | Build | House |
| 19:30 | Build | House |
| 19:35 | Build | House |
| 19:37 | Create | Villager (Male) |
| 19:37 | Create | Villager (Male) |
| 19:39 | Create | Villager (Male) |
| 19:52 | Build | Farm |
| 19:56 | Create | Villager (Male) |
| 20:15 | Build | University |
| 20:25 | Create | Villager (Male) |
| 20:34 | Build | Farm |
| 20:46 | Create | Villager (Male) |
| 20:47 | Create | Villager (Male) |
| 20:47 | Create | Villager (Male) |
| 20:50 | Create | Villager (Male) |
| 20:50 | Create | Villager (Male) |
| 21:02 | Build | Siege Workshop |
| 21:47 | Create | Scorpion ×4 |
| 21:59 | Create | Villager (Male) |
| 21:59 | Create | Villager (Male) |
| 21:59 | Create | Villager (Male) |
| 21:59 | Create | Villager (Male) |
| 22:00 | Create | Villager (Male) |
| 22:00 | Create | Villager (Male) |
| 22:08 | Build | Mining Camp |
| 22:13 | Build | House |
| 22:19 | Build | House |
| 22:31 | Create | Villager (Male) |
| 22:37 | Build | House |
| 22:56 | Create | Villager (Male) |
| 22:56 | Create | Villager (Male) |
| 23:01 | Build | House |
| 23:01 | Build | House |
| 23:12 | Create | Villager (Male) |
| 23:13 | Create | Villager (Male) |
| 23:22 | Research | Wheelbarrow |
| 23:26 | Create | Villager (Male) |
| 23:27 | Create | Villager (Male) |
| 23:30 | Research | Gold Mining |
| 23:35 | Create | Mangonel |
| 23:36 | Create | Scorpion |
| 23:37 | Create | Scorpion |
| 24:03 | Build | Castle |
| 24:07 | Build | Farm |
| 24:09 | Create | Villager (Male) |
| 24:10 | Create | Villager (Male) |
| 24:11 | Create | Villager (Male) |
| 24:12 | Create | Villager (Male) |
| 24:31 | Build | Town Center |
| 24:40 | Build | Stable |
| 24:40 | Build | Stable |
| 24:55 | Research | Forging |
| 24:58 | Create | Villager (Male) |
| 24:58 | Create | Villager (Male) |
| 24:58 | Create | Villager (Male) |
| 25:30 | Build | Farm |
| 25:40 | Create | Villager (Male) |
| 25:40 | Create | Villager (Male) |
| 25:40 | Create | Villager (Male) |
| 25:41 | Create | Villager (Male) |
Match timeline
| 6:51 | XZ.Lumber.AX · wall_segment Palisade Wall x9 |
| 8:33 | Medina90 · wall_segment Palisade Wall x1 |
| 9:03 | XZ.Lumber.AX · first_building Barracks |
| 9:37 | Efiko · first_building Barracks |
| 9:46 | uvacha · first_building Barracks |
| 10:14 | XZ.Lumber.AX · wall_segment Palisade Wall x9 |
| 10:31 | CumansCumin · age_up feudal |
| 10:33 | Lilith Realm · age_up feudal |
| 10:35 | uvacha · age_up feudal |
| 10:51 | Lil' Bị · first_building Barracks |
| 10:56 | Lil' Bị · age_up feudal |
| 11:08 | Efiko · age_up feudal |
| 11:16 | A Deer Ate My Villager · age_up feudal |
| 11:18 | Medina90 · age_up feudal |
| 11:24 | uvacha · first_building Stable |
| 11:24 | A Deer Ate My Villager · wall_segment Stone Wall x22 |
| 11:35 | XZ.Lumber.AX · age_up feudal |
| 11:45 | A Deer Ate My Villager · wall_segment Stone Wall x24 |
| 11:46 | Lilith Realm · first_market_sell 100 stone |
| 12:05 | XZ.Lumber.AX · first_building Stable |
| 12:55 | Efiko · first_market_buy 100 food |
| 13:35 | A Deer Ate My Villager · wall_segment Palisade Wall x1 |
| 14:27 | Lilith Realm · age_up castle |
| 14:51 | CumansCumin · age_up castle |
| 14:56 | uvacha · age_up castle |
| 14:59 | Medina90 · age_up castle |
| 15:11 | A Deer Ate My Villager · wall_segment Stone Wall x24 |
| 15:14 | CumansCumin · first_building Monastery |
| 15:20 | Lil' Bị · first_building Archery Range |
| 15:20 | Efiko · age_up castle |
| 15:21 | XZ.Lumber.AX · wall_segment Stone Wall x1 |
| 15:48 | Efiko · first_building Siege Workshop |
| 16:04 | XZ.Lumber.AX · wall_segment Stone Wall x1 |
| 16:06 | A Deer Ate My Villager · age_up castle |
| 16:53 | XZ.Lumber.AX · age_up castle |
| 17:34 | Lilith Realm · tribute_sent a jugador 1 |
| 17:34 | Lilith Realm · tribute_sent a jugador 2 |
| 17:34 | Lilith Realm · tribute_sent a jugador 3 |
| 17:34 | Lilith Realm · tribute_sent a jugador 4 |
| 17:34 | Lilith Realm · tribute_sent a jugador 5 |
| 17:34 | Lilith Realm · tribute_sent a jugador 7 |
| 17:34 | Lilith Realm · tribute_sent a jugador 8 |
| 17:46 | Lil' Bị · age_up castle |
| 17:49 | A Deer Ate My Villager · first_market_buy 100 wood |
| 17:54 | A Deer Ate My Villager · first_building Monastery |
| 18:01 | Lil' Bị · first_building Siege Workshop |
| 18:54 | XZ.Lumber.AX · first_building Castle |
| 19:05 | CumansCumin · first_market_buy 100 food |
| 19:37 | Lilith Realm · first_building Monastery |
| 21:42 | Medina90 · first_building Monastery |
| 22:39 | uvacha · first_building Castle |
| 22:52 | XZ.Lumber.AX · wall_segment Stone Wall x25 |
| 23:02 | A Deer Ate My Villager · wall_segment Stone Wall x23 |
| 23:29 | Medina90 · first_market_buy 100 stone |
| 23:38 | XZ.Lumber.AX · wall_segment Stone Wall x24 |
| 24:03 | Efiko · first_building Castle |
| 24:40 | Efiko · first_building Stable |
| 24:58 | CumansCumin · first_building Siege Workshop |
| 26:56 | Lil' Bị · first_market_sell 100 food |
| 27:15 | CumansCumin · first_building Barracks |
| 27:20 | Lilith Realm · first_building Siege Workshop |
| 27:51 | Medina90 · age_up imperial |
| 28:31 | Lilith Realm · wall_segment Stone Wall x1 |
| 28:32 | Lilith Realm · wall_segment Stone Wall x1 |
| 28:48 | Lilith Realm · first_market_buy 100 food |
| 29:07 | CumansCumin · first_building Stable |
| 29:16 | CumansCumin · age_up imperial |
| 29:28 | Lilith Realm · first_building Castle |
| 29:40 | XZ.Lumber.AX · first_building Siege Workshop |
| 29:46 | uvacha · age_up imperial |
| 30:01 | Medina90 · first_building Siege Workshop |
| 30:18 | Lil' Bị · age_up imperial |
| 30:19 | Lilith Realm · age_up imperial |
| 30:25 | A Deer Ate My Villager · first_building Siege Workshop |
| 30:39 | uvacha · first_building Siege Workshop |
| 30:46 | Lilith Realm · first_building Barracks |
| 31:10 | Medina90 · first_building Barracks |
| 31:25 | Lil' Bị · first_building Castle |
| 31:25 | Efiko · first_market_sell 100 food |
| 31:39 | A Deer Ate My Villager · first_market_sell 100 food |
| 31:57 | XZ.Lumber.AX · age_up imperial |
| 32:39 | CumansCumin · first_building Castle |
| 33:48 | A Deer Ate My Villager · first_building Castle |
| 34:08 | XZ.Lumber.AX · first_market_sell 100 stone |
| 34:15 | Medina90 · first_market_sell 100 stone |
| 34:29 | A Deer Ate My Villager · age_up imperial |
| 34:37 | Efiko · age_up imperial |
| 37:26 | XZ.Lumber.AX · first_market_buy 100 wood |
| 39:13 | Lil' Bị · first_building Stable |
| 46:00 | CumansCumin · first_market_sell 500 wood |
| 47:12 | Efiko · tribute_sent a jugador 1 |
| 47:12 | Efiko · tribute_sent a jugador 2 |
| 47:12 | Efiko · tribute_sent a jugador 3 |
| 47:12 | Efiko · tribute_sent a jugador 4 |
| 47:12 | Efiko · tribute_sent a jugador 5 |
| 47:12 | Efiko · tribute_sent a jugador 6 |
| 47:12 | Efiko · tribute_sent a jugador 7 |
| 47:38 | Lil' Bị · first_market_buy 100 wood |
| 50:46 | Medina90 · first_building Castle |
| 55:26 | uvacha · first_market_sell 100 wood |
| 56:13 | uvacha · first_market_buy 100 stone |
| 57:39 | Efiko · wall_segment Stone Wall x8 |
| 59:38 | Lilith Realm · tribute_sent a jugador 1 |
| 59:38 | Lilith Realm · tribute_sent a jugador 2 |
| 59:38 | Lilith Realm · tribute_sent a jugador 3 |
| 59:38 | Lilith Realm · tribute_sent a jugador 4 |
| 59:38 | Lilith Realm · tribute_sent a jugador 5 |
| 59:38 | Lilith Realm · tribute_sent a jugador 7 |
| 59:38 | Lilith Realm · tribute_sent a jugador 8 |
| 63:24 | Lil' Bị · wall_segment Palisade Wall x1 |
| 63:26 | Lil' Bị · wall_segment Palisade Wall x1 |
| 68:18 | Medina90 · first_building Stable |
| 69:12 | Lilith Realm · tribute_sent a jugador 1 |
| 69:12 | Lilith Realm · tribute_sent a jugador 2 |
| 69:12 | Lilith Realm · tribute_sent a jugador 3 |
| 69:12 | Lilith Realm · tribute_sent a jugador 4 |
| 69:12 | Lilith Realm · tribute_sent a jugador 5 |
| 69:12 | Lilith Realm · tribute_sent a jugador 7 |
| 69:12 | Lilith Realm · tribute_sent a jugador 8 |
| 71:26 | uvacha · wall_segment Stone Wall x19 |
| 72:05 | Lilith Realm · tribute_sent a jugador 1 |
| 72:05 | Lilith Realm · tribute_sent a jugador 2 |
| 72:05 | Lilith Realm · tribute_sent a jugador 3 |
| 72:05 | Lilith Realm · tribute_sent a jugador 4 |
| 72:05 | Lilith Realm · tribute_sent a jugador 5 |
| 72:05 | Lilith Realm · tribute_sent a jugador 7 |
| 72:05 | Lilith Realm · tribute_sent a jugador 8 |
| 72:05 | uvacha · wall_segment Palisade Wall x7 |
| 73:02 | XZ.Lumber.AX · wall_segment Stone Wall x9 |
| 73:07 | XZ.Lumber.AX · wall_segment Stone Wall x8 |
| 74:58 | A Deer Ate My Villager · first_building Barracks |
| 76:08 | uvacha · wall_segment Stone Wall x10 |
| 76:43 | A Deer Ate My Villager · first_building Stable |
| 78:52 | A Deer Ate My Villager · tribute_sent a jugador 1 |
| 78:52 | A Deer Ate My Villager · tribute_sent a jugador 3 |
| 78:52 | A Deer Ate My Villager · tribute_sent a jugador 4 |
| 78:52 | A Deer Ate My Villager · tribute_sent a jugador 5 |
| 78:52 | A Deer Ate My Villager · tribute_sent a jugador 6 |
| 78:52 | A Deer Ate My Villager · tribute_sent a jugador 7 |
| 78:52 | A Deer Ate My Villager · tribute_sent a jugador 8 |
| 83:59 | Lilith Realm · tribute_sent a jugador 1 |
| 83:59 | Lilith Realm · tribute_sent a jugador 2 |
| 83:59 | Lilith Realm · tribute_sent a jugador 3 |
| 83:59 | Lilith Realm · tribute_sent a jugador 4 |
| 83:59 | Lilith Realm · tribute_sent a jugador 5 |
| 83:59 | Lilith Realm · tribute_sent a jugador 7 |
| 83:59 | Lilith Realm · tribute_sent a jugador 8 |
| 90:41 | A Deer Ate My Villager · tribute_sent a jugador 1 |
| 90:41 | A Deer Ate My Villager · tribute_sent a jugador 3 |
| 90:41 | A Deer Ate My Villager · tribute_sent a jugador 4 |
| 90:41 | A Deer Ate My Villager · tribute_sent a jugador 5 |
| 90:41 | A Deer Ate My Villager · tribute_sent a jugador 6 |
| 90:41 | A Deer Ate My Villager · tribute_sent a jugador 7 |
| 90:41 | A Deer Ate My Villager · tribute_sent a jugador 8 |
| 91:05 | XZ.Lumber.AX · wall_segment Stone Wall x4 |
| 91:06 | XZ.Lumber.AX · wall_segment Stone Wall x3 |
| 91:07 | XZ.Lumber.AX · wall_segment Stone Wall x2 |
| 94:41 | CumansCumin · resign |
[ AI ANALYSIS · 1 CREDIT ]
What really happened in this match?
Wolo.gg analyzes every decision: build order, eco, micro, common mistakes by bracket. Personalized analysis on WhatsApp or Discord in 30 seconds.
Civ guide
Mongols
Perfil
Jugador #4028604